Map: Ascension to Aiur LE

Players

liquidthermy (uThermal) - Winner!

  • Race: Terran Terran
  • League: Grandmaster
  • Spawn Location: 5:00

SortOf

  • Race: Zerg Zerg
  • League: Master
  • Spawn Location: 11:00

Event: HomeStory Cup XVI

VOD

Have the link to the VOD?

Description

Time

  • Played on: Nov. 9, 2017, 7:49 a.m.
  • Length: 12:17

All games in this series

Show
View Real Time Build Order
Export as new Build Order

liquidthermy Terran - Winner!

Build Orders: Reaper Expand, Mech, Banshee Rush 

Get SALT Encoding   

  12  0:01  SCV  
  13  0:13  SCV  
  14  0:17  Supply Depot  
  14  0:25  SCV  
  15  0:38  SCV  
  15  0:40  Barracks  
  16  0:44  Refinery  
  16  0:51  SCV  
  17  1:03  SCV  
  18  1:15  SCV  
  19  1:27  Orbital Command  
  19  1:28  Reaper  
  20  1:40  Command Center  
  20  1:49  Supply Depot  
  20  1:54  SCV  
  21  1:59  Marine  
  22  2:06  SCV  
  22  2:07  Factory  
  23  2:13  Refinery  
  23  2:18  SCV  
  23  2:21  Barracks Reactor  
  24  2:30  SCV  
  25  2:42  SCV  
  26  2:52  Starport, Orbital Command  
  26  2:54  SCV  
  27  3:04  Hellion  
  27  3:05  Hellion  
  31  3:06  SCV  
  31  3:07  Barracks Tech Lab  
  32  3:18  SCV  
  33  3:21  SCV  
  33  3:26  Hellion x2  
  38  3:27  Supply Depot  
  38  3:30  SCV  
  38  3:33  SCV  
  40  3:34  Cloaking Field, Viking  
  42  3:43  SCV  
  42  3:45  SCV  
  44  3:56  SCV  
  44  3:57  Command Center  
  44  3:58  SCV  
  46  4:04  Banshee  
  46  4:09  SCV  
  50  4:10  SCV  
  50  4:13  Supply Depot  
  51  4:21  Refinery, SCV  
  51  4:22  Refinery, SCV  
  53  4:27  Armory  
  53  4:28  Armory  
  53  4:33  SCV  
  53  4:35  Supply Depot, SCV  
  57  4:45  SCV  
  57  4:47  SCV  
  57  4:55  Factory x2, Barracks Tech Lab  
  57  4:58  SCV  
  58  5:00  SCV  
  58  5:01  Supply Depot, Starport Reactor  
  58  5:03  Hellion  
  58  5:05  Hellion  
  63  5:10  Orbital Command  
  63  5:12  SCV  
  65  5:14  SCV  
  65  5:21  Terran Vehicle And Ship Armor Level 1, Terran Vehicle Weapons Level 1  
  65  5:24  SCV  
  65  5:26  SCV, Hellion  
  69  5:31  Hellion  
  71  5:36  SCV x2  
  71  5:38  SCV  
  71  5:39  Refinery  
  74  5:47  Refinery  
  74  5:48  SCV  
  75  5:50  SCV  
  75  5:55  Supply Depot, Thor  
  82  5:59  Thor  
  82  6:00  SCV x2  
  90  6:04  SCV  
  88  6:11  Hellion x4  
  88  6:12  Medivac x2, Supply Depot, SCV  
  88  6:17  SCV x2  
  88  6:18  Supply Depot  
  95  6:19  Hellion  
  95  6:21  Hellion  
  95  6:24  SCV  
  100  6:29  SCV  
  100  6:32  Supply Depot  
  101  6:34  SCV  
  101  6:36  SCV  
  103  6:45  Factory, SCV, Siege Tank x2  
  103  6:46  Factory, Hellion x2  
  114  6:56  Supply Depot, SCV  
  114  6:58  SCV  
  114  6:59  SCV  
  117  7:01  Supply Depot  
  117  7:07  Infernal Pre-Igniter, Hellion  
  120  7:08  SCV  
  120  7:20  Terran Vehicle Weapons Level 2, Terran Vehicle And Ship Armor Level 2  
  120  7:22  Command Center, Hellion, Siege Tank  
  125  7:28  Hellion  
  127  7:35  Hellion  
  119  7:49  Siege Tank, Factory Tech Lab, Factory Reactor  
  120  7:53  Command Center, Viking x2  
  120  7:54  Siege Tank  
  120  7:56  Hellion  
  120  7:57  Supply Depot  
  129  7:59  Supply Depot  
  129  8:02  Supply Depot  
  129  8:03  Hellion  
  131  8:07  Siege Tank  
  131  8:12  Supply Depot  
  134  8:21  Siege Tank  
  134  8:25  Medivac x2  
  134  8:26  Hellion x5  
  151  8:40  Engineering Bay  
  151  8:43  Siege Tank  
  151  8:45  Refinery  
  154  8:49  Siege Tank  
  157  9:02  Viking x2  
  155  9:05  Hellion, Planetary Fortress  
  155  9:08  Orbital Command  
  153  9:10  Siege Tank  
  153  9:12  Hellion  
  158  9:23  Hellion, Siege Tank  
  161  9:24  Hellion, Siege Tank  
  161  9:28  Hellion x2  
  161  9:29  Hellion  
  168  9:37  Sensor Tower  
  168  9:38  Sensor Tower  
  168  9:39  Refinery  
  168  9:40  Hellion  
  168  9:42  Orbital Command, Siege Tank  
  168  9:45  Hellion  
  174  9:48  Hellion  
  176  9:54  Hellion  
  176  9:55  Siege Tank  
  176  9:56  Siege Tank  
  184  10:03  Hellion  
  184  10:04  Hellion x10  
  184  10:06  Hellion  
  188  10:10  Hellion  
  188  10:12  Viking  
  190  10:14  Siege Tank  
  190  10:18  Viking  
  192  10:21  SCV  
  192  10:22  SCV x2  
  192  10:25  Hellion x13  
  192  10:27  Siege Tank  
  197  10:39  Hellion  
  199  10:57  Factory  
  199  10:58  Factory  
  199  11:02  Hellion  
  199  11:04  Hellion  
  197  11:05  Hellion, Siege Tank  
  197  11:08  Viking  
  197  11:11  Hellion x2, Siege Tank  
  196  11:23  Hellion  
  183  11:27  Hellion  
  180  11:33  Siege Tank  
  180  11:37  Siege Tank  
  181  11:51  Hellion  
  178  12:06  Factory Tech Lab  
  178  12:07  Factory Reactor  
Show
View Real Time Build Order
Export as new Build Order

SortOf Zerg 

Build Orders: Hatch First 

Get SALT Encoding   

  12  0:00  Drone  
  13  0:15  Overlord  
  13  0:19  Drone  
  14  0:33  Drone x2  
  16  0:37  Drone  
  17  0:52  Hatchery  
  17  0:55  Drone  
  17  0:58  Drone  
  18  1:07  Extractor  
  17  1:15  Spawning Pool  
  17  1:17  Drone  
  17  1:20  Drone  
  18  1:31  Drone  
  19  1:41  Drone  
  20  1:49  Hatchery  
  20  1:52  Drone  
  20  2:02  Zergling x2  
  20  2:03  Queen  
  20  2:05  Zergling x2  
  24  2:14  Drone  
  24  2:15  Overlord  
  25  2:21  Metabolic Boost  
  25  2:26  Drone  
  25  2:27  Drone  
  27  2:36  Drone  
  28  2:38  Queen  
  28  2:41  Drone  
  30  2:47  Queen  
  32  2:52  Drone  
  32  2:54  Drone  
  32  2:56  Drone  
  35  3:01  Overlord  
  35  3:05  Zergling x2  
  36  3:07  Queen  
  36  3:10  Drone  
  39  3:19  Drone x4  
  43  3:23  Drone  
  43  3:25  Drone x2  
  46  3:27  Overlord  
  46  3:31  Drone  
  47  3:35  Drone  
  48  3:42  Zergling x2  
  48  3:45  Queen  
  51  3:48  Queen, Drone  
  51  3:52  Zergling x4  
  55  3:56  Drone x2  
  55  3:57  Overlord  
  55  4:02  Overlord  
  57  4:06  Overlord  
  57  4:14  Overlord  
  57  4:19  Queen  
  57  4:21  Drone x6  
  65  4:27  Lair  
  65  4:28  Queen  
  68  4:31  Drone x3  
  68  4:32  Drone x2  
  68  4:35  Overlord  
  68  4:37  Overlord  
  72  4:40  Drone  
  73  4:45  Spore Crawler  
  73  4:47  Overlord  
  73  4:50  Roach Warren  
  73  4:51  Overlord  
  71  4:55  Drone x4  
  71  4:57  Drone x2  
  77  5:01  Drone  
  77  5:02  Drone x3  
  77  5:05  Queen  
  83  5:10  Drone  
  83  5:12  Drone  
  85  5:14  Extractor  
  85  5:15  Extractor x2  
  85  5:16  Overlord  
  85  5:18  Drone x3  
  85  5:22  Spore Crawler  
  85  5:24  Overlord  
  85  5:25  Overseer  
  84  5:29  Hatchery  
  84  5:31  Drone x3  
  84  5:34  Drone x2  
  86  5:37  Hydralisk Den  
  86  5:38  Drone x2  
  87  5:45  Spore Crawler, Overseer  
  87  5:46  Drone x5  
  87  5:49  Extractor, Drone  
  91  5:52  Extractor  
  91  5:54  Evolution Chamber x2, Overlord  
  91  5:56  Drone x2  
  90  5:58  Drone  
  90  5:59  Drone  
  90  6:00  Drone  
  93  6:06  Drone x3  
  93  6:09  Muscular Augments, Glial Reconstitution  
  96  6:15  Hydralisk x3  
  102  6:26  Infestation Pit, Overlord  
  102  6:28  Overlord  
  102  6:29  Hydralisk x2  
  102  6:30  Extractor  
  102  6:32  Extractor, Drone x3  
  106  6:33  Drone x2  
  106  6:34  Drone  
  109  6:43  Zerg Ground Armor Level 1  
  109  6:44  Zerg Missile Weapons Level 1, Overlord  
  109  6:47  Hydralisk  
  109  6:49  Roach  
  109  6:50  Overlord  
  109  6:53  Hydralisk  
  113  6:55  Drone x3  
  113  6:58  Drone x2  
  113  6:59  Spore Crawler  
  119  7:05  Hydralisk x4  
  127  7:11  Overlord  
  127  7:13  Roach x3  
  133  7:19  Drone x3  
  133  7:20  Hive  
  134  7:35  Drone x5  
  128  7:47  Drone x13  
  141  7:54  Overlord  
  141  7:58  Overlord  
  141  8:00  Overlord  
  141  8:03  Hydralisk x5  
  141  8:04  Hydralisk  
  153  8:09  Hatchery  
  153  8:11  Spine Crawler  
  151  8:13  Spine Crawler  
  151  8:14  Roach x4, Spine Crawler  
  151  8:17  Ravager  
  151  8:18  Ravager x3  
  161  8:21  Spine Crawler  
  160  8:27  Hydralisk x4  
  160  8:30  Overseer  
  168  8:35  Spine Crawler  
  168  8:41  Viper x4  
  167  8:43  Hydralisk x2  
  167  8:44  Overlord  
  167  8:45  Spine Crawler  
  182  8:51  Spore Crawler  
  182  8:52  Spire  
  180  8:56  Overlord  
  180  9:00  Hydralisk x3  
  182  9:06  Hydralisk, Zergling x2  
  182  9:07  Zergling x2  
  186  9:10  Overlord  
  186  9:12  Zergling x2  
  186  9:14  Zerg Ground Armor Level 2  
  186  9:16  Zerg Missile Weapons Level 2  
  187  9:29  Evolution Chamber  
  187  9:31  Evolution Chamber, Drone, Spine Crawler  
  185  9:34  Hydralisk x7  
  185  9:36  Overlord  
  185  9:37  Extractor  
  198  9:40  Extractor, Overlord  
  198  9:41  Overlord  
  197  10:09  Hatchery  
  197  10:13  Extractor, Spine Crawler  
  194  10:27  Viper x2  
  192  10:30  Drone x3  
  192  10:35  Corruptor x2  
  199  10:45  Evolution Chamber x2, Spire  
  199  10:46  Evolution Chamber, Lair  
  199  10:48  Evolution Chamber x2  
  189  10:51  Infestation Pit, Spawning Pool  
  189  10:53  Hydralisk Den  
  163  11:04  Roach x18  
  163  11:05  Roach x3  
  163  11:21  Hydralisk x8  
  163  11:22  Hydralisk x3  
  177  11:26  Hydralisk  
  168  11:33  Hydralisk x4  
  172  11:40  Hydralisk  
  172  11:41  Hydralisk  
  172  11:44  Ravager x3  
  172  11:45  Ravager x3  
Tags
 
Add a new tag
Caveats
  • Supply blocks, unpowered buildings, or Contaminate may cause inaccurate times.
  • Supply counts are checked every 10 seconds.